 Dungeon Crawl Stone Soup version 0.28.0-49-g6dfe1f597d (webtiles) character file.

Game seed: 274497908043423472

135 bnorton916 the Magician (level 4, -2/24 HPs)
             Began as a Deep Elf Venom Mage on May 11, 2022.
             Succumbed to a gnoll's poison
             ... on level 4 of the Dungeon.
             The game lasted 00:08:05 (4668 turns).

bnorton916 the Magician (Deep Elf Venom Mage)       Turns: 4668, Time: 00:08:06

Health: -2/24      AC:  5    Str:  5    XL:     4   Next: 96%
Magic:  6/12       EV: 13    Int: 22    God:
Gold:   213        SH:  0    Dex: 15    Spells: 5/11 levels left

rFire   . . .      SeeInvis .   (no weapon)
rCold   . . .      Faith    .   (no shield)
rNeg    . . .      Spirit   .   a - +0 robe
rPois   .          Reflect  .   (no helmet)
rElec   .          Harm     .   g - +0 cloak
rCorr   .          Rampage  .   b - +0 pair of gloves
Will    .....                   m - +0 pair of boots
Stlth   ++........              (no amulet)
HPRegen 0.08/turn               i - ring of flight
MPRegen 0.13/turn               (no ring)

@: lethally poisoned (-2 -> -21), flying
A: no striking features
a: no special abilities


You were on level 4 of the Dungeon.
You visited 1 branch of the dungeon, and saw 4 of its levels.

You collected 213 gold pieces.

Inventory:

Armour
 a - a +0 robe (worn)
 b - a +0 pair of gloves (worn)
 g - a +0 cloak (worn)
 h - a +1 buckler of reflection
 m - a +0 pair of boots (worn)
Jewellery
 f - a ring of fire
 i - a ring of flight (left hand)
Scrolls
 d - a scroll of fog {unknown}
 e - a scroll of teleportation
 j - a scroll of fear
 k - 2 scrolls of blinking
 l - a scroll of immolation {unknown}
 n - a scroll of summoning {unknown}
 q - 3 scrolls of identify
Potions
 c - a potion of curing
 o - a potion of berserk rage {unknown}
 p - a potion of might {unknown}
 r - a potion of magic {unknown}
 s - a potion of flight {unknown}


   Skills:
 - Level 2.8 Dodging
 - Level 3.0 Stealth
 + Level 1.0 Shields
 + Level 4.2 Spellcasting
 + Level 0.2 Conjurations
 - Level 2.5 Transmutations
 + Level 0.2 Air Magic
 + Level 4.1 Poison Magic


You had 5 spell levels left.
You knew the following spells:

 Your Spells              Type           Power      Damage    Failure   Level
a - Sting                 Tmut/Pois      76%        1d6       2%          1
b - Poisonous Vapours     Pois/Air       28%        N/A       7%          2
c - Mephitic Cloud        Conj/Pois/Air  11%        N/A       17%         3

Your spell library contained the following spells:

 Spells                   Type           Power      Damage    Failure   Level
 Olgreb's Toxic Radiance  Pois           23%        N/A       19%         4


Dungeon Overview and Level Annotations

Branches:
Dungeon (4/15)             Temple (0/1) D:4

Altars:
Elyvilon
Uskayaw
The Shining One

Shops:
D:3 [


Message History

An endoplasm comes into view.
Casting: Sting (safe; 2% risk of failure)
Confirm with . or Enter, or press ? or * to list all spells.
Aiming: Poisonous Vapours (safe; 7% risk of failure)
Press: ? - help, Dir - move target, f - gnoll
Aim: a gnoll, wielding a +1 whip of venom Poisonous vapours surround the gnoll!
The gnoll is poisoned.
Casting: Poisonous Vapours (safe; 7% risk of failure)
Confirm with . or Enter, or press ? or * to list all spells.
Aiming: Sting (safe; 2% risk of failure)
Press: ? - help, Shift-Dir - straight line, f/p - gnoll
Aim: a gnoll, wielding a +1 whip of venom (lightly wounded, poisoned, 77% to hit)
The sting hits the gnoll.
The gnoll looks even sicker.
The gnoll is severely wounded.
The gnoll hits you with a +1 whip of venom.
You are poisoned.
You feel sick.
Casting: Sting (safe; 2% risk of failure)
Confirm with . or Enter, or press ? or * to list all spells.
Aiming: Sting (safe; 2% risk of failure)
Press: ? - help, Shift-Dir - straight line, f/p - gnoll
Aim: a gnoll, wielding a +1 whip of venom (severely wounded, very poisoned, 77% to hit)
The sting hits the gnoll but does no damage.
The gnoll looks even sicker.
The gnoll is severely wounded.
You feel sick.
The gnoll hits you with a +1 whip of venom!
* * * LOW HITPOINT WARNING * * *
You are lethally poisoned!
Casting: Sting (safe; 2% risk of failure)
Confirm with . or Enter, or press ? or * to list all spells.
Aiming: Poisonous Vapours (safe; 7% risk of failure)
Press: ? - help, Dir - move target, f/p - gnoll
Aim: a gnoll, wielding a +1 whip of venom (heavily wounded, very poisoned) Poisonous vapours surround the gnoll!
The gnoll looks as sick as possible!
* * * LOW HITPOINT WARNING * * *
You feel very sick.
You kill the gnoll!
Your Shields skill increases to level 1!
You die...

.###............
.....⌠..>..⌠...
#.............
#####..###...###..
.........#.⌠.#....
.........#...#....
.........)B.......
.........#######..
####..@....# #.......#
#.## #.......# #...
#....#### #..###
###+.### #..#..
#..#≈## #..#.# #..#≈≈#
#..#.#.######..#..#
####..#.#.........#..#


You could see a giant cockroach.

Vanquished Creatures
  2 gnolls (D:4)
  5 adders
  A dart slug (D:2)
  5 endoplasms
  2 giant cockroaches
  10 goblins
  10 hobgoblins
  3 quokkas
  9 ball pythons
  4 bats
  4 frilled lizards
  6 kobolds
  5 rats
66 creatures vanquished.

Vanquished Creatures (others)
  10 fungi (D:4)
10 creatures vanquished.

Grand Total: 76 creatures vanquished

Notes
Turn   | Place    | Note
-------+----------+-------------------------------------------
     0 | D:1      | bnorton916 the Deep Elf Venom Mage began the quest for the
                  | Orb.
     0 | D:1      | Reached XP level 1. HP: 10/10 MP: 6/6
   208 | D:1      | Reached XP level 2. HP: 15/15 MP: 2/8
   211 | D:1      | Learned a level 2 spell: Poisonous Vapours
   443 | D:1      | Upgraded the game from 0.28.0-47-ge53b351184 to
                  | 0.28.0-49-g6dfe1f597d
  1252 | D:2      | Found a faded altar of an unknown god.
  1741 | D:2      | Reached XP level 3. HP: 17/19 MP: 4/9
  1745 | D:2      | Learned a level 3 spell: Mephitic Cloud
  2540 | D:2      | Found a hide-covered altar of Uskayaw.
  2566 | D:2      | Reached XP level 4. HP: 24/24 MP: 2/11
  2774 | D:3      | Found a white marble altar of Elyvilon.
  3623 | D:3      | Found a glowing golden altar of the Shining One.
  3762 | D:3      | Found Ziashoci's Antique Armour Boutique.
  4481 | D:4      | Found a staircase to the Ecumenical Temple.
  4668 | D:4      | Reached skill level 1 in Shields
  4668 | D:4      | Succumbed to a gnoll's poison

Illustrated notes

Levels and vault maps discovered:
D:1:      scummos_arrival_forest, layout_loops_cross
D:2:      cheibrodos_greedy_goblins, layout_basic, basic_altar,
          nicolae_ecumenical_pavilion, minmay_pentomino_r2
D:3:      layout_loops_ring, mainiacjoe_overflow_large_starburst, serial_shops,
          nicolae_shop_advertising_works [nicolae_subvault_shop_adworks]
D:4:      layout_basic, minmay_temple_entry_junction_2, serial_aquarium,
          aquarium_bridge_straight [aquarium_subvault_bridge,
          aquarium_subvault_wall, aquarium_subvault_bridge,
          aquarium_subvault_wall], aquarium_window_corner,
          aquarium_window_double, aquarium_window_2, aquarium_view_2a,
          aquarium_pool_side, minmay_misc_feat_square

Skill      XL: |  1  2  3  4 |
---------------+-------------+-----
Stealth        | 3 |  3.0
Transmutations | 2 |  2.5
Spellcasting   | 4 |  4.2
Poison Magic   | 4 |  4.1
Shields        | 1 |  1.0
Dodging        | |  2.8
Conjurations   | |  0.2
Air Magic      | |  0.2

Action                   |  1- 3 |  4- 6 || total
-------------------------+-------+-------++-------
Melee: Unarmed           |     1 |     2 ||     3
 Cast: Sting             |    60 |    21 ||    81
       Poisonous Vapours |    23 |    27 ||    50
  Use: Scroll            |       |     4 ||     4
Armor: Robe              |    10 |    14 ||    24
Dodge: Dodged            |    42 |    18 ||    60
